[Event "Titled Tuesday Blitz April 25 Early 2023"]
[White "Harriott, Tyrell"]
[Black "Ronka, Erik"]
[WhiteFideId "2086484"]
[BlackFideId "505080"]
[WhiteElo "2107"]
[BlackElo "2264"]
[Result "0-1"]
[Round "10"]
[TimeControl "180+2"]
[Date "2023.04.25"]
[WhiteClock "0:00:01"]
[BlackClock "0:00:18"]

1. d4 b5 2. e3 Bb7 3. f4 a6 4. Nf3 h6 5. Bd3 e6 6. O-O Nf6 7. Nbd2 c5 8. c3 d6 9. a3 Nbd7 10. e4 Qb6 11. Kh1 O-O-O 12. a4 c4 13. Bc2 Be7 14. Qe2 Rdg8 15. b3 d5 16. e5 Ne8 17. axb5 axb5 18. bxc4 dxc4 19. Be4 Nc7 20. Ba3 Bxa3 21. Rxa3 Nd5 22. Rfa1 g5 23. f5 Kc7 24. Ra7 Ra8 25. Rxa8 Rxa8 26. Rxa8 Bxa8 27. Bxd5 Bxd5 28. fxe6 fxe6 29. Ne4 b4 30. cxb4 Qxb4 31. h3 Qb1+ 32. Kh2 Qxe4 33. Qb2 Qf4+ 34. Kg1 Bxf3 35. gxf3 Qg3+ 36. Kh1 Qxf3+ 37. Kg1 Qg3+ 38. Kh1 Qxh3+ 39. Kg1 Qg3+ 40. Kh1 Qb3 41. Qa1 Kb7 42. Kg2 c3 43. Qa5 c2 44. Qd8 c1=Q 45. Qxd7+ Qc7 46. Qe8 Qd5+ 47. Kh2 Qc2+ 48. Kh3 Qf5+ 0-1


[Site "https://www.chess.com"]

[Event "Titled Tuesday Blitz April 25 Early 2023"]
[White "Belov, Alexei"]
[Black "Koutsin, Sergey"]
[WhiteFideId "4128206"]
[BlackFideId "14101483"]
[WhiteElo "2505"]
[BlackElo "2381"]
[Result "1-0"]
[Round "10"]
[TimeControl "180+2"]
[Date "2023.04.25"]
[WhiteClock "0:01:49"]
[BlackClock "0:00:15"]

1. e4 e6 2. d4 d5 3. Nd2 c5 4. Ngf3 Nc6 5. exd5 exd5 6. Bb5 Bd6 7. O-O Ne7 8. dxc5 Bxc5 9. Nb3 Bb6 10. Nfd4 O-O 11. c3 a6 12. Bd3 Qd6 13. Re1 Bc7 14. g3 Ng6 15. Qh5 Nce5 16. Bf4 f6 17. Nf5 Qd7 18. Nc5 Qc6 19. Bxe5 fxe5 20. Ne7+ Nxe7 21. Bxh7+ Kh8 22. Bg6+ Kg8 23. Qh7# 1-0


[Site "https://www.chess.com"]

[Event "Titled Tuesday Blitz April 25 Early 2023"]
[White "Shvedova, Alexandra"]
[Black "Pourkashiyan, Atousa"]
[WhiteFideId "54154782"]
[BlackFideId "12502014"]
[WhiteElo "2057"]
[BlackElo "2228"]
[Result "1/2-1/2"]
[Round "10"]
[TimeControl "180+2"]
[Date "2023.04.25"]
[WhiteClock "0:00:45"]
[BlackClock "0:00:12"]

1. d4 Nf6 2. c4 e6 3. Nf3 d5 4. g3 Be7 5. Bg2 O-O 6. O-O dxc4 7. Ne5 Nc6 8. Nxc6 bxc6 9. Bxc6 Rb8 10. Nc3 Bb7 11. Bxb7 Rxb7 12. e3 c5 13. dxc5 Qxd1 14. Rxd1 Bxc5 15. Na4 Bb4 16. Bd2 Nd5 17. Bxb4 Rxb4 18. Nc3 Rxb2 19. Nxd5 exd5 20. Rxd5 Rc8 21. Rc1 g6 22. a4 c3 23. Kf1 Rc4 24. Rd4 Rxd4 25. exd4 Rd2 26. Rxc3 Rxd4 27. a5 Rd5 28. a6 Rd6 29. Ra3 Re6 30. h4 h5 31. Kg2 Kf8 32. Kf3 Kg7 33. Ra2 Kf6 34. Kf4 Ke7 35. f3 Kd7 36. g4 hxg4 37. fxg4 Kc7 38. h5 gxh5 39. gxh5 Kb6 40. Kg5 Re5+ 41. Kg4 Re4+ 42. Kf5 Rh4 43. Kg5 Rh1 44. h6 Kb5 45. Ra3 Rh2 46. Rf3 Kxa6 47. Rxf7 Kb6 48. h7 Rg2+ 49. Kf5 Rh2 50. Kg5 Rg2+ 51. Kh5 Rh2+ 52. Kg6 a5 53. Kg7 Rg2+ 54. Kf8 Rh2 55. Kg8 a4 56. h8=Q Rxh8+ 57. Kxh8 Kb5 58. Kg7 a3 59. Kf6 Kc4 60. Ke5 a2 61. Ra7 Kb3 62. Kd4 Kb2 63. Rb7+ Kc2 64. Ra7 Kb2 65. Rxa2+ Kxa2 1/2-1/2


[Site "https://www.chess.com"]

[Event "Titled Tuesday Blitz April 25 Early 2023"]
[White "Sonnenschein, Philipp"]
[Black "Toktomushev, Teimur"]
[WhiteFideId "16250877"]
[BlackFideId "14176726"]
[WhiteElo "2224"]
[BlackElo "2116"]
[Result "1/2-1/2"]
[Round "10"]
[TimeControl "180+2"]
[Date "2023.04.25"]
[WhiteClock "0:00:04"]
[BlackClock "0:00:08"]

1. d4 d5 2. c4 e6 3. Nf3 Nf6 4. g3 Be7 5. Bg2 O-O 6. Nc3 c6 7. Qd3 b6 8. Ne5 Ba6 9. b3 c5 10. dxc5 Bxc5 11. O-O Nbd7 12. Nxd7 Nxd7 13. Rd1 Ne5 14. Qc2 Qf6 15. Bf4 Ng4 16. e3 g5 17. Bxd5 gxf4 18. Bxa8 fxe3 19. Bg2 exf2+ 20. Kh1 Ne3 21. Ne4 Nxc2 22. Nxf6+ Kg7 23. Nh5+ Kh6 24. Rac1 Ne3 25. Nf4 Nxd1 26. Rxd1 e5 27. Nd3 Rd8 28. Nxf2 Rxd1+ 29. Nxd1 f5 30. Nc3 e4 31. Nd5 Kg5 32. h4+ Kg6 33. Kh2 Bb7 34. Bf1 e3 35. Kg2 Bxd5+ 36. cxd5 Kf6 37. Bc4 Ke5 38. Kf3 b5 39. Bxb5 Kxd5 40. Bd7 Ke5 41. a4 a5 42. Bc6 h6 43. Bb5 Kd4 44. Bc4 Kc3 45. Ke2 Bd6 46. Be6 Kd4 47. Bxf5 Bxg3 48. h5 Bf2 49. Be6 Kc3 50. Bc4 Kb4 51. Kd3 Ka3 52. Ke4 Kb4 53. Kf5 Bg3 54. Kg4 Bd6 55. Kf5 Kc3 56. Kg6 Bf4 57. Kf5 Bg5 58. Ke4 Kd2 59. Kf3 Kc3 60. Be6 Kb4 61. Ke2 Kc3 62. Bc4 Kd4 63. Bb5 Ke4 64. Bc4 Kf4 65. Bf7 Kf5 66. Bc4 Kg4 67. Bf7 Kg3 68. Bc4 Kf4 69. Bf7 Ke5 70. Bc4 Ke4 71. Bf7 Bf6 72. Bc4 Bc3 73. Bb5 Bd2 74. Bc6+ Kd4 75. Bb5 Kc3 76. Bc4 Kb4 77. Bf7 1/2-1/2


[Site "https://www.chess.com"]

[Event "Titled Tuesday Blitz April 25 Early 2023"]
[White "Topalov, Aleksandar"]
[Black "Sadovsky, Artem"]
[WhiteFideId "925659"]
[BlackFideId "4155840"]
[WhiteElo "2151"]
[BlackElo "2314"]
[Result "0-1"]
[Round "10"]
[TimeControl "180+2"]
[Date "2023.04.25"]
[WhiteClock "0:00:19"]
[BlackClock "0:00:07"]

1. b3 Nf6 2. Bb2 e6 3. Nf3 Be7 4. e3 O-O 5. d4 c5 6. Nbd2 Nc6 7. Bd3 b6 8. a3 Bb7 9. O-O Rc8 10. Qe2 d6 11. c4 Qc7 12. Rac1 e5 13. dxe5 Nxe5 14. Bb1 Nxf3+ 15. Nxf3 d5 16. Ng5 h6 17. Qc2 hxg5 18. Bxf6 g6 19. Bb2 f5 20. Rfd1 Rcd8 21. cxd5 Bxd5 22. b4 c4 23. b5 Be4 24. Qc3 Bf6 25. Qb4 c3 26. Ba1 Rxd1+ 27. Rxd1 c2 28. Qb3+ Kh7 29. Bxc2 Bxc2 30. Rc1 Bxa1 31. Rxc2 Qg7 32. Qe6 Rf7 33. Qe5 Bxe5 0-1


[Site "https://www.chess.com"]

[Event "Titled Tuesday Blitz April 25 Early 2023"]
[White "Liu, Casper"]
[Black "Devaev, Alexander"]
[WhiteFideId "1454153"]
[BlackFideId "4169395"]
[WhiteElo "2221"]
[BlackElo "2204"]
[Result "0-1"]
[Round "10"]
[TimeControl "180+2"]
[Date "2023.04.25"]
[WhiteClock "0:01:45"]
[BlackClock "0:01:34"]

1. e4 c6 2. Bc4 d5 3. Bb3 Nf6 4. exd5 cxd5 5. Nh3 Nc6 6. Nf4 e5 7. Nd3 Bd6 8. Nc3 d4 9. Nb5 Bb8 10. O-O O-O 11. Re1 a6 12. Na3 b5 13. Nc5 Na5 14. d3 Nxb3 15. axb3 Qc7 16. b4 a5 17. Nxb5 Qb6 18. c4 dxc3 19. Nxc3 Qxb4 20. N3e4 Nd5 21. Qh5 Qxe1# 0-1


[Site "https://www.chess.com"]

[Event "Titled Tuesday Blitz April 25 Early 2023"]
[White "Belenkaya, Dina"]
[Black "Goltseva, Ekaterina"]
[WhiteFideId "24142654"]
[BlackFideId "24173770"]
[WhiteElo "2208"]
[BlackElo "2200"]
[Result "0-1"]
[Round "10"]
[TimeControl "180+2"]
[Date "2023.04.25"]
[WhiteClock "0:00:02"]
[BlackClock "0:00:13"]

1. Nf3 Nf6 2. g3 d5 3. Bg2 c5 4. d3 Nc6 5. Nbd2 g6 6. O-O Bg7 7. c3 O-O 8. e4 e6 9. Qe2 a5 10. Rd1 b6 11. Nf1 Ba6 12. Qe1 a4 13. a3 dxe4 14. dxe4 Qc8 15. e5 Nd5 16. Bg5 Na5 17. N1d2 Bd3 18. Ne4 Bxe4 19. Qxe4 h6 20. Bh4 Nb3 21. Rab1 Qc7 22. g4 Rae8 23. Bg3 c4 24. Rxd5 exd5 25. Qxd5 Qc5 26. Qd7 Rd8 27. Qxa4 b5 28. Qa6 Nd2 29. Nxd2 Rxd2 30. e6 fxe6 31. Qxe6+ Kh8 32. Qxg6 Rfxf2 33. Kh1 Rxg2 34. Qe8+ Qf8 35. Qe4 Rge2 36. Qc6 Qd8 37. Rf1 Rd1 38. Qf3 Qd3 39. Qa8+ Kh7 40. Be1 Rdxe1 41. Rxe1 Rxe1+ 42. Kg2 Qe4+ 43. Qxe4+ Rxe4 44. Kf3 Re1 0-1


[Site "https://www.chess.com"]

[Event "Titled Tuesday Blitz April 25 Early 2023"]
[White "Camacho Collados, Jose"]
[Black "Allahverdiyeva, Ayan"]
[WhiteFideId "2265427"]
[BlackFideId "13412590"]
[WhiteElo "2198"]
[BlackElo "1980"]
[Result "1-0"]
[Round "10"]
[TimeControl "180+2"]
[Date "2023.04.25"]
[WhiteClock "0:00:40"]
[BlackClock "0:00:02"]

1. e4 c5 2. c3 Nf6 3. e5 Nd5 4. Bc4 Nb6 5. Bb3 c4 6. Bc2 d6 7. exd6 Qxd6 8. d4 cxd3 9. Qxd3 Qxd3 10. Bxd3 Nc6 11. Nf3 Bg4 12. Bf4 O-O-O 13. Be2 Bxf3 14. Bxf3 e5 15. Bg3 f5 16. Bxc6 bxc6 17. Bxe5 Re8 18. f4 Nc4 19. O-O Nxe5 20. fxe5 Rxe5 21. b4 c5 22. a3 a5 23. Nd2 cxb4 24. axb4 axb4 25. cxb4 Rb5 26. Ra8+ Kb7 27. Rfa1 Bc5+ 28. bxc5 Rxa8 29. c6+ Kxc6 30. Rxa8 Rb2 31. Nf3 Rb7 32. Kf2 Kd5 33. Re8 g6 34. h4 Kd6 35. Kg3 Ra7 36. Re2 Rb7 37. Kf4 Rb4+ 38. Kg5 Rb7 39. Kf6 Kd5 40. Ng5 h6 41. Nf3 g5 42. hxg5 hxg5 43. Kxg5 1-0


[Site "https://www.chess.com"]

[Event "Titled Tuesday Blitz April 25 Early 2023"]
[White "Korelskiy, Egor"]
[Black "Karthik Sai Ch"]
[WhiteFideId "34329064"]
[BlackFideId "46649484"]
[WhiteElo "2186"]
[BlackElo "2003"]
[Result "1-0"]
[Round "10"]
[TimeControl "180+2"]
[Date "2023.04.25"]
[WhiteClock "0:01:28"]
[BlackClock "0:01:17"]

1. e4 c6 2. Nc3 d5 3. Nf3 dxe4 4. Nxe4 Nf6 5. Qe2 Nxe4 6. Qxe4 Nd7 7. Bc4 Nf6 8. Ne5 e6 9. Qe2 Bd6 10. d4 O-O 11. O-O Nd5 12. c3 Qc7 13. Nf3 Nf4 14. Bxf4 Bxf4 15. Bd3 Bd7 16. Rad1 Rfe8 17. h3 e5 18. dxe5 Bxe5 19. Bxh7+ Kxh7 20. Qd3+ Kg8 21. Qxd7 Rad8 22. Qxc7 Bxc7 23. Rxd8 Rxd8 24. Re1 b5 25. Kf1 Bb6 26. Ke2 Re8+ 27. Kd1 Rd8+ 28. Kc2 Bxf2 29. Rf1 Be3 30. Re1 Bb6 31. Ne5 c5 32. Nc6 Rd6 33. Ne5 c4 34. a4 a6 35. axb5 axb5 36. Ra1 f6 37. Ra8+ Kh7 38. Rh8+ Kxh8 39. Nf7+ Kg8 40. Nxd6 Bc5 41. Nxb5 Kf7 42. Na3 Bxa3 43. bxa3 Ke6 44. Kd2 Kd5 45. Ke3 Kc5 46. a4 f5 47. h4 g6 48. a5 Kb5 49. Kd4 Kxa5 50. Kxc4 Kb6 51. Kd5 Kc7 52. Ke6 Kc6 53. Kf6 f4 54. Kxg6 Kc5 55. h5 Kc4 56. h6 Kxc3 57. h7 f3 58. gxf3 Kd2 59. h8=Q 1-0


[Site "https://www.chess.com"]

[Event "Titled Tuesday Blitz April 25 Early 2023"]
[White "Ordekalog"]
[Black "Pandey Srishti"]
[BlackFideId "35093290"]
[WhiteElo "2477"]
[BlackElo "2083"]
[Result "1-0"]
[Round "10"]
[TimeControl "180+2"]
[Date "2023.04.25"]
[WhiteClock "0:02:01"]
[BlackClock "0:02:16"]

1. e4 e5 2. Nf3 Nc6 3. Bb5 a6 4. Bxc6 dxc6 5. O-O f6 6. d4 exd4 7. Nxd4 Bc5 8. Qh5+ g6 9. Qxc5 Ne7 10. Bh6 b6 11. Qc4 Qd6 12. Nc3 c5 13. Nf3 Be6 14. Qd3 Qc6 15. Bg7 Rg8 16. Bxf6 Rd8 17. Qxa6 Bg4 18. Bxe7 Kxe7 19. Ne5 Qe6 20. Nxg4 Qxg4 21. Qb7 Rge8 22. Qxc7+ Rd7 23. Qxb6 Kf7 24. Qxc5 1-0


[Site "https://www.chess.com"]

[Event "Titled Tuesday Blitz April 25 Early 2023"]
[White "Ljukin, Sergei"]
[Black "Gutkin, Ilya"]
[WhiteFideId "14102200"]
[BlackFideId "16203470"]
[WhiteElo "2312"]
[BlackElo "2265"]
[Result "0-1"]
[Round "10"]
[TimeControl "180+2"]
[Date "2023.04.25"]
[WhiteClock "0:00:03"]
[BlackClock "0:01:00"]

1. e4 e5 2. Nf3 Nc6 3. Bb5 Nf6 4. Qe2 d6 5. c3 Bg4 6. h3 Bh5 7. g4 Bg6 8. d3 Be7 9. Be3 a6 10. Ba4 b5 11. Bb3 Na5 12. Bc2 c5 13. Nbd2 O-O 14. h4 Nxg4 15. h5 d5 16. exd5 Qxd5 17. hxg6 fxg6 18. Ne4 c4 19. Rd1 cxd3 20. Bxd3 Qxa2 21. Nfg5 Nxe3 22. Qxe3 h6 23. Nf3 Qxb2 24. Nxe5 Rae8 25. Nxg6 Bg5 26. Qe2 Qxe2+ 27. Kxe2 Rf6 28. Nh4 Rf4 29. Nf3 Rexe4+ 30. Bxe4 Rxe4+ 31. Kd3 Rf4 32. Nxg5 hxg5 33. Rhg1 Rxf2 34. Rxg5 Nc4 35. Rdg1 Rd2+ 36. Ke4 Rd7 37. Rd5 Nd2+ 0-1


[Site "https://www.chess.com"]

[Event "Titled Tuesday Blitz April 25 Early 2023"]
[White "Tarasova, Viktoriya"]
[Black "Khamdamova, Afruza"]
[WhiteFideId "4175840"]
[BlackFideId "14210444"]
[WhiteElo "2182"]
[BlackElo "2210"]
[Result "0-1"]
[Round "10"]
[TimeControl "180+2"]
[Date "2023.04.25"]
[WhiteClock "0:00:07"]
[BlackClock "0:00:09"]

1. d4 Nf6 2. c4 e6 3. Nc3 d5 4. cxd5 exd5 5. Bg5 Be7 6. Qc2 O-O 7. e3 Nbd7 8. Bd3 Re8 9. Nge2 c6 10. O-O h6 11. Bh4 Ne4 12. Bxe7 Qxe7 13. Bxe4 dxe4 14. Ng3 Nf6 15. Rae1 b6 16. f3 exf3 17. gxf3 Bh3 18. Rf2 c5 19. d5 Rad8 20. e4 Nxd5 21. Nxd5 Rxd5 22. Kh1 f5 23. Rg1 fxe4 24. Nxe4 Rd4 25. Rg3 Bf5 26. Rfg2 Bxe4 27. fxe4 Rxe4 28. Rxg7+ Qxg7 29. Rxg7+ Kxg7 30. Qg2+ Kh7 31. Qc2 Kg7 32. Qc3+ Kg6 33. Qg3+ Kh7 34. Qd3 c4 35. Qc2 Kg7 36. Qc3+ Kg6 37. Qg3+ Kh7 38. Qc7+ R8e7 39. Qc6 Rg4 40. h3 Rge4 41. Kg2 R7e6 42. Qc7+ Re7 43. Qc6 Kg7 44. Qc8 Re2+ 45. Kg3 b5 46. Qc5 R2e5 47. Qd4 Kf7 48. Qf4+ Kg6 49. Qd4 Re3+ 50. Kg2 Re2+ 51. Kg3 R2e5 52. Qd6+ R7e6 53. Qd8 Kg7 54. Qd7+ Re7 55. Qd8 a6 56. h4 Kf7 57. Kg4 h5+ 58. Kg3 Re4 59. Qd1 Rg4+ 60. Kf3 Kg6 61. Qd6+ Kf7 62. Qd5+ Kf8 63. Qxh5 Rgg7 64. Qh8+ Kf7 65. Qh5+ Ke6 66. Qc5 Ref7+ 67. Ke2 Rc7 68. Qe3+ Kd5 69. Qg3 Rxg3 70. Kf2 Rh3 71. Kg2 Rxh4 72. Kg3 Rch7 73. Kf3 b4 0-1


[Site "https://www.chess.com"]

[Event "Titled Tuesday Blitz April 25 Early 2023"]
[White "Estrada Nieto, Julian"]
[Black "Lopez Del Alamo, Antonio"]
[WhiteFideId "5101018"]
[BlackFideId "2227339"]
[WhiteElo "2161"]
[BlackElo "2175"]
[Result "0-1"]
[Round "10"]
[TimeControl "180+2"]
[Date "2023.04.25"]
[WhiteClock "0:00:02"]
[BlackClock "0:00:14"]

1. e4 c5 2. Nf3 e6 3. c3 Nf6 4. e5 Nd5 5. Bc4 d6 6. d4 Bd7 7. Bxd5 exd5 8. Bg5 Qb6 9. O-O Be6 10. Nbd2 Nc6 11. Qa4 h6 12. Be3 cxd4 13. Bxd4 Qc7 14. Rfe1 O-O-O 15. b4 dxe5 16. Nxe5 Bd6 17. Ndf3 Nxd4 18. cxd4 Kb8 19. Rac1 Qb6 20. a3 g5 21. h3 Rhg8 22. b5 h5 23. Nd3 g4 24. hxg4 hxg4 25. Nfe5 Ka8 26. Nc5 Bf5 27. Qb3 Rg7 28. a4 f6 29. Ned3 Rh7 30. Qxd5 Bh2+ 31. Kf1 Rxd5 32. g3 Rd8 33. Nf4 Bc8 34. Kg2 f5 35. Re5 Qh6 36. Rh1 Rxd4 37. Ne2 Qh3# 0-1


[Site "https://www.chess.com"]

[Event "Titled Tuesday Blitz April 25 Early 2023"]
[White "Zavortink, Matt"]
[Black "Buscar, Michael"]
[WhiteFideId "2034263"]
[BlackFideId "2603616"]
[WhiteElo "2468"]
[BlackElo "2010"]
[Result "1-0"]
[Round "10"]
[TimeControl "180+2"]
[Date "2023.04.25"]
[WhiteClock "0:00:05"]
[BlackClock "0:00:19"]

1. c4 Nf6 2. Nc3 e6 3. e4 d6 4. d4 b6 5. Bd3 Bb7 6. Nf3 Be7 7. O-O c5 8. d5 e5 9. a3 a5 10. Qe2 Nbd7 11. Nh4 Nf8 12. Nf5 Rg8 13. f4 Ng6 14. fxe5 Nxe5 15. Bf4 Nfd7 16. Rad1 g6 17. Nh6 Rg7 18. Ng4 Bg5 19. Bxe5 Nxe5 20. Nxe5 dxe5 21. Bc2 Kf8 22. Rf2 Kg8 23. Rdf1 Ba6 24. Ba4 Bf4 25. g3 Bg5 26. Bb5 Bc8 27. Kg2 h5 28. h3 Ra7 29. Bc6 h4 30. g4 Bf4 31. Rf3 Qg5 32. Kh1 f5 33. exf5 gxf5 34. Rxf4 exf4 35. Qe8+ Kh7 36. Qxc8 fxg4 37. Qxg4 Qxg4 38. hxg4 Rxg4 39. d6 Rag7 40. d7 Rg3 41. Rf2 Rd3 42. Be4+ Kh6 43. Bxd3 Rxd7 44. Nd5 Rd6 45. Rxf4 Kg5 46. Rf5+ Kg4 47. Kg2 Re6 48. Rf4+ Kg5 49. Rf5+ Kg4 50. Nf6+ 1-0


[Site "https://www.chess.com"]

[Event "Titled Tuesday Blitz April 25 Early 2023"]
[White "Turzo, Attila"]
[Black "Derichs, Roger"]
[WhiteFideId "704954"]
[BlackFideId "4630076"]
[WhiteElo "2467"]
[BlackElo "2354"]
[Result "1-0"]
[Round "10"]
[TimeControl "180+2"]
[Date "2023.04.25"]
[WhiteClock "0:00:15"]
[BlackClock "0:00:02"]

1. e4 e6 2. d4 d5 3. Bd3 dxe4 4. Bxe4 Nf6 5. Bf3 g6 6. Ne2 Bg7 7. O-O Nbd7 8. c4 O-O 9. Nbc3 e5 10. Be3 Re8 11. g3 c6 12. h3 exd4 13. Bxd4 Nb6 14. b3 Bxh3 15. Bg2 Bxg2 16. Kxg2 Nbd7 17. Qc2 Ng4 18. Bxg7 Kxg7 19. Rad1 Qc7 20. Ne4 Ndf6 21. Nd6 Re7 22. Nf4 c5 23. Nb5 Qc6+ 24. Kg1 Ne4 25. Nd5 Ng5 26. Qc3+ f6 27. f4 Re3 28. Qb2 Rxg3+ 29. Kh1 Rf8 30. fxg5 Ne3 31. gxf6+ Kf7 32. Qf2 Nxf1 33. Rxf1 Rg5 34. Qf4 Rh5+ 35. Kg2 Rd8 36. Re1 1-0


[Site "https://www.chess.com"]

[Event "Titled Tuesday Blitz April 25 Early 2023"]
[White "Smith, Garrett L"]
[Black "Yurasova, Daria"]
[WhiteFideId "2024829"]
[BlackFideId "34146919"]
[WhiteElo "2269"]
[BlackElo "2134"]
[Result "0-1"]
[Round "10"]
[TimeControl "180+2"]
[Date "2023.04.25"]
[WhiteClock "0:00:41"]
[BlackClock "0:00:27"]

1. e4 e5 2. Nf3 Nc6 3. Bc4 Bc5 4. b4 Bxb4 5. c3 Be7 6. d4 Na5 7. Be2 d6 8. dxe5 dxe5 9. Qa4+ c6 10. Nxe5 Nf6 11. O-O O-O 12. Bf4 Be6 13. Rd1 Qb6 14. Nd2 Bd6 15. Ndc4 Nxc4 16. Nxc4 Bxc4 17. Rdb1 Bb5 18. Bxd6 Bxa4 19. Rxb6 axb6 20. Bxf8 Rxf8 21. f3 Nd7 0-1


[Site "https://www.chess.com"]

[Event "Titled Tuesday Blitz April 25 Early 2023"]
[White "Jovic, Stanoje"]
[Black "sebastianmarinp"]
[WhiteFideId "905020"]
[WhiteElo "2236"]
[BlackElo "2324"]
[Result "1-0"]
[Round "10"]
[TimeControl "180+2"]
[Date "2023.04.25"]
[WhiteClock "0:00:23"]
[BlackClock "0:00:02"]

1. c4 e5 2. g3 Nf6 3. Bg2 d5 4. cxd5 Nxd5 5. Nf3 Nc6 6. O-O Be7 7. d4 e4 8. Ne5 Nxe5 9. dxe5 Bf5 10. Bxe4 Bxe4 11. Qa4+ Qd7 12. Qxe4 h5 13. Nc3 Nxc3 14. bxc3 h4 15. Qxb7 Rd8 16. Be3 Qh3 17. Qc6+ Kf8 18. Qg2 Qf5 19. Rfd1 Re8 20. Bxa7 hxg3 21. hxg3 g6 22. a4 Kg7 23. g4 Qe6 24. f4 Rh4 25. f5 Qxe5 26. Bd4 Bc5 27. f6+ Kg8 28. Rd3 Qg5 29. Rg3 Bxd4+ 30. cxd4 Qxf6 31. Rd1 Qf4 32. Qf3 Qd6 33. a5 Qd7 34. a6 Qa4 35. Rf1 Qxa6 36. Qxf7+ 1-0


[Site "https://www.chess.com"]

[Event "Titled Tuesday Blitz April 25 Early 2023"]
[White "Heinemann, Josefine"]
[Black "Tsyhanchuk, Stanislav"]
[WhiteFideId "12900460"]
[BlackFideId "13505130"]
[WhiteElo "2342"]
[BlackElo "2173"]
[Result "1-0"]
[Round "10"]
[TimeControl "180+2"]
[Date "2023.04.25"]
[WhiteClock "0:00:53"]
[BlackClock "0:00:03"]

1. d4 Nf6 2. c4 e6 3. Nf3 b6 4. g3 Bb7 5. Bg2 Bb4+ 6. Bd2 Bxd2+ 7. Qxd2 Ne4 8. Qc2 d6 9. O-O Nd7 10. Re1 f5 11. Nc3 Ndf6 12. d5 exd5 13. Nd4 dxc4 14. Nxf5 d5 15. Nxg7+ Kf7 16. Nf5 Qd7 17. Ne3 Rae8 18. Rad1 Nxf2 19. Kxf2 Rxe3 20. Kxe3 d4+ 21. Kf2 Ng4+ 22. Kg1 Bxg2 23. e4 Bh3 24. Qd2 Rf8 25. Qxd4 Qe7 26. Ne2 Kg8 27. Nf4 h5 28. Nxh3 Ne5 29. Rf1 Rxf1+ 30. Rxf1 Kg7 31. Rf5 Kg6 32. Qxe5 1-0


[Site "https://www.chess.com"]

[Event "Titled Tuesday Blitz April 25 Early 2023"]
[White "Avazkhonov, Alikhon"]
[Black "Ramirez, Maria Eugenia"]
[WhiteFideId "14208504"]
[BlackFideId "3301680"]
[WhiteElo "1739"]
[BlackElo "1842"]
[Result "0-1"]
[Round "10"]
[TimeControl "180+2"]
[Date "2023.04.25"]
[WhiteClock "0:00:08"]
[BlackClock "0:00:20"]

1. e4 e5 2. Nf3 Nc6 3. Bb5 Nd4 4. Nxd4 exd4 5. Bc4 h5 6. O-O Bc5 7. c3 d6 8. cxd4 Bxd4 9. Qa4+ Kf8 10. Bxf7 Qf6 11. Qxd4 Qxd4 12. Bb3 Nf6 13. Nc3 c6 14. d3 Bg4 15. Be3 Qe5 16. f3 Bd7 17. f4 Qe7 18. e5 Ng4 19. Bd2 Be6 20. Bc2 dxe5 21. fxe5+ Ke8 22. Rae1 Rd8 23. Ne4 Kd7 24. Bg5 Qb4 25. h3 Qd4+ 26. Kh1 Rdf8 27. Bf4 Bd5 28. g3 Nf2+ 29. Kg2 Nxd3 30. e6+ Ke8 31. Bxd3 Qxd3 32. Re3 Bxe4+ 33. Kg1 Qd5 34. Rfe1 Bh1 35. R1e2 g5 36. Be5 Rhg8 37. Bc3 Rf3 38. Re5 Rxg3+ 39. Kh2 Rg2+ 40. Kxh1 Rxe2+ 41. Rxd5 cxd5 42. Bd4 Rxe6 43. Bxa7 b6 44. Bb8 Kd7 45. Bg3 d4 0-1


[Site "https://www.chess.com"]

[Event "Titled Tuesday Blitz April 25 Early 2023"]
[White "Semenova, Alina"]
[Black "Gurevich, Dmitry"]
[WhiteFideId "24113875"]
[BlackFideId "2000407"]
[WhiteElo "1833"]
[BlackElo "2506"]
[Result "0-1"]
[Round "10"]
[TimeControl "180+2"]
[Date "2023.04.25"]
[WhiteClock "0:00:01"]
[BlackClock "0:01:22"]

1. e4 c5 2. Nf3 d6 3. d4 cxd4 4. Nxd4 Nf6 5. Nc3 Nc6 6. Be2 g6 7. O-O Bg7 8. Be3 O-O 9. f4 Qb6 10. Na4 Qa5 11. Nc3 Qb6 12. Na4 Qc7 13. Bf3 Bd7 14. Nc3 a6 15. Nd5 Nxd5 16. exd5 Nxd4 17. Bxd4 Bxd4+ 18. Qxd4 Rac8 19. c3 Qc5 20. Rad1 b5 21. Rfe1 Rfe8 22. h4 h5 23. Qxc5 Rxc5 24. Kf2 Kf8 25. Rd4 a5 26. Re3 Bf5 27. Ke2 Rb8 28. Kd2 b4 29. c4 a4 30. b3 Ra5 31. Bd1 Bb1 0-1


[Site "https://www.chess.com"]

[Event "Titled Tuesday Blitz April 25 Early 2023"]
[White "mjelcic"]
[Black "egorchess95"]
[WhiteElo "2237"]
[BlackElo "2522"]
[Result "0-1"]
[Round "10"]
[TimeControl "180+2"]
[Date "2023.04.25"]
[WhiteClock "0:02:31"]
[BlackClock "0:02:13"]

1. c4 Nf6 2. Nc3 e6 3. e4 d5 4. exd5 exd5 5. cxd5 Nxd5 6. d4 Bb4 7. Qc2 Nc6 8. Qe4+ Be6 9. Bd2 O-O 10. Nf3 Re8 11. Bd3 Bf5 0-1


[Site "https://www.chess.com"]

[Event "Titled Tuesday Blitz April 25 Early 2023"]
[White "koncheto"]
[Black "Prudnykova, Olga"]
[BlackFideId "14121093"]
[WhiteElo "2493"]
[BlackElo "2113"]
[Result "0-1"]
[Round "10"]
[TimeControl "180+2"]
[Date "2023.04.25"]
[WhiteClock "0:00:10"]
[BlackClock "0:00:32"]

1. e4 c5 2. Nf3 Nf6 3. e5 Nd5 4. d4 cxd4 5. c3 e6 6. cxd4 b6 7. Nc3 Nxc3 8. bxc3 Qc7 9. Bd2 d6 10. Bd3 Bb7 11. O-O Nd7 12. exd6 Bxd6 13. h3 O-O 14. Qe2 Rad8 15. Ng5 Nf6 16. Ne4 Nxe4 17. Bxe4 Bxe4 18. Qxe4 Rfe8 19. Rfe1 Be7 20. a4 Bf6 21. h4 h6 22. h5 Qc4 23. a5 b5 24. a6 Rd5 25. Qg4 Kh7 26. Rab1 Red8 27. Rb4 Qc6 28. Qe4+ Kg8 29. Reb1 Qxa6 30. Be3 Qa5 31. Qg4 Kh7 32. Qe4+ Kg8 33. Qg4 Kf8 34. Qe4 a6 35. g4 Qa3 36. R1b3 Qa5 37. Rb2 Qc7 38. R4b3 Rc8 39. f4 Qc6 40. Qh7 Ke7 41. Rg2 Qc4 42. Ra3 b4 43. cxb4 Bxd4 44. Bxd4 Qc1+ 45. Kh2 Qxf4+ 46. Rag3 Qxd4 47. Qb1 Rc4 48. Qa2 Rd6 49. g5 hxg5 50. Rxg5 Qh4+ 51. Kg1 Rc1# 0-1


[Site "https://www.chess.com"]

[Event "Titled Tuesday Blitz April 25 Early 2023"]
[White "Womacka, Mathias"]
[Black "Inepton_Fermion"]
[WhiteFideId "4611390"]
[WhiteElo "2377"]
[BlackElo "2342"]
[Result "0-1"]
[Round "10"]
[TimeControl "180+2"]
[Date "2023.04.25"]
[WhiteClock "0:00:01"]
[BlackClock "0:00:05"]

1. e4 g6 2. d4 Bg7 3. Nc3 d5 4. exd5 Nf6 5. Bc4 c6 6. dxc6 Nxc6 7. Nf3 Bg4 8. Be3 Bxf3 9. Qxf3 Nxd4 10. Bxd4 Qxd4 11. Bb5+ Kf8 12. O-O Qb6 13. Rad1 h5 14. Rfe1 Rc8 15. Ba4 Qxb2 16. Nd5 Nxd5 17. Rxd5 Bf6 18. Bb3 Kg7 19. Rd7 Rhd8 20. Rxb7 Qd4 21. g3 Rc3 22. Qe2 a5 23. a4 h4 24. Kg2 Qc5 25. Qe4 Rd4 26. Rb5 Rxe4 27. Rxe4 Qd6 28. Rxa5 Qd2 29. Rd5 Qc1 30. a5 h3+ 31. Kxh3 Qf1+ 32. Kg4 Qxf2 33. a6 Qf3+ 34. Kh3 Qxe4 35. a7 Rc8 36. Ra5 e6 37. Ba4 Qb7 38. Bb5 Ra8 0-1


[Site "https://www.chess.com"]

[Event "Titled Tuesday Blitz April 25 Early 2023"]
[White "Shimelkov, Vasiliy"]
[Black "Mihajlovskij"]
[WhiteFideId "13701630"]
[WhiteElo "2073"]
[BlackElo "2328"]
[Result "1-0"]
[Round "10"]
[TimeControl "180+2"]
[Date "2023.04.25"]
[WhiteClock "0:01:02"]
[BlackClock "0:00:10"]

1. d4 Nf6 2. Nf3 g6 3. c4 Bg7 4. Nc3 O-O 5. e4 d6 6. Be2 c5 7. d5 e6 8. O-O exd5 9. exd5 Re8 10. Bf4 Nh5 11. Bg5 Qd7 12. Bd3 Na6 13. a3 Nc7 14. h3 h6 15. Be3 Nf6 16. Qd2 Kh7 17. Nh4 b5 18. b3 b4 19. axb4 cxb4 20. Ne2 Ne4 21. Bxe4 Rxe4 22. Nf3 a5 23. Ned4 Qe8 24. Ra2 a4 25. Qxb4 Rxe3 26. fxe3 Qxe3+ 27. Kh1 f5 28. Re2 Qf4 29. Re7 axb3 30. Rxc7 Kh8 31. Qxb3 Be5 32. Qb5 Ba6 33. Qd7 1-0


[Site "https://www.chess.com"]